SNL (28 & UNDER)
NEW HAMPSHIRE FISHER CATS @ GAINESVILLE GUIDOS
09/07/2023
 
TOP OF THE 1ST
New Hampshire Fisher Cats batting - Pitching for Gainesville Guidos : RHP Ronald Adams
Pitching: RHP Ronald Adams
Batting: RHB Matt Silver 0-0: Called Strike
0-1: SINGLE (Flyball, 89S)
Batting: RHB Phil Matthews 0-0: Called Strike
0-1: Ball
1-1: Ground out 5-3 (Groundball, 56S)
Matt Silver to second
Batting: LHB Sam Barnes 0-0: Called Strike
0-1: Swinging Strike
0-2: Ball
1-2: 2-RUN HOME RUN (Flyball, 89XD), Distance : 396 ft
Batting: RHB Roberto Peña 0-0: Ball
1-0: SINGLE (Line Drive, 7LS)
Batting: RHB Si-xun Li 0-0: Foul Ball, location: 2F
0-1: Ball
1-1: Foul Ball, location: 2F
1-2: Ball
Roberto Peña is caught stealing 2nd base
2-2: Foul Ball, location: 2F
2-2: Strikes out swinging
Top of the 1st over - 2 run(s), 3 hit(s), 0 error(s), 0 left on base; New Hampshire 2 - Gainesville 0
BOTTOM OF THE 1ST
Gainesville Guidos batting - Pitching for New Hampshire Fisher Cats : LHP Kent Robinson
Pitching: LHP Kent Robinson
Batting: RHB Noriyori Ine 0-0: Ball
1-0: Called Strike
1-1: Ball
2-1: Fly out, F3 (Popup, 3SF)
Batting: RHB Pedro Mata 0-0: Ball
1-0: Ball
2-0: Called Strike
2-1: SINGLE (Line Drive, 89M)
Batting: LHB David Murphy 0-0: Called Strike
0-1: Ball
1-1: Grounds into double play, 1-4-3 (Groundball, 13)
Bottom of the 1st over - 0 run(s), 1 hit(s), 0 error(s), 0 left on base; New Hampshire 2 - Gainesville 0
TOP OF THE 2ND
New Hampshire Fisher Cats batting - Pitching for Gainesville Guidos : RHP Ronald Adams
Batting: RHB Sadao Kimura 0-0: Ball
1-0: Ball
2-0: Foul Ball, location: 2F
2-1: Ball
3-1: Base on Balls
Batting: RHB Billy Campbell 0-0: Ball
1-0: Ball
2-0: Called Strike
2-1: SINGLE (Line Drive, 6D)
Sadao Kimura to second
Batting: RHB Scott Briggs 0-0: Ball
1-0: Ball
2-0: Foul Ball, location: 2F
2-1: Foul Ball, location: 2F
2-2: 3-RUN HOME RUN (Flyball, 78XD), Distance : 401 ft
Batting: RHB Michael Woodruff 0-0: Ball
1-0: Foul Ball, location: 2F
1-1: Ball
2-1: Ground out 5-3 (Groundball, 5)
Batting: RHB Matt Silver 0-0: SOLO HOME RUN (Flyball, 8LXD), Distance : 433 ft
Batting: RHB Phil Matthews 0-0: Called Strike
0-1: Foul Ball, location: 2F
0-2: Ball
1-2: Ball
2-2: Ball
3-2: Base on Balls
Batting: LHB Sam Barnes 0-0: Foul Ball, location: 2F
0-1: Called Strike
0-2: Foul Ball, location: 2F
0-2: Ball
1-2: SINGLE (Groundball, 4MD)
Phil Matthews to second
Batting: RHB Roberto Peña 0-0: Foul Ball, location: 2F
0-1: Called Strike
0-2: Ball
1-2: Foul Ball, location: 2F
1-2: Ground out 5-3 (Groundball, 5S)
Phil Matthews to third
Sam Barnes to second
Batting: RHB Si-xun Li 0-0: SINGLE (Flyball, 7S)
Phil Matthews scores
Sam Barnes to third
Batting: RHB Sadao Kimura 0-0: Ground out 6-3 (Groundball, 6)
Top of the 2nd over - 5 run(s), 5 hit(s), 0 error(s), 2 left on base; New Hampshire 7 - Gainesville 0
BOTTOM OF THE 2ND
Gainesville Guidos batting - Pitching for New Hampshire Fisher Cats : LHP Kent Robinson
Batting: RHB Satoru Daikawa 0-0: SOLO HOME RUN (Flyball, 78XD), Distance : 387 ft
Batting: RHB Kurt Walter 0-0: Ball
1-0: Ball
2-0: Foul Ball, location: 2F
2-1: Ball
3-1: SINGLE (Line Drive, 6MD)
Batting: LHB António Cedeño 0-0: SINGLE (Line Drive, 34D)
Kurt Walter to second
Batting: RHB Fernando Mendoza 0-0: Called Strike
0-1: Ball
1-1: Foul Ball, location: 2F
1-2: Fly out, F8 (Flyball, 8LM)
Batting: SHB Reynaldo Gallegos 0-0: Called Strike
0-1: Ball
1-1: Swinging Strike
1-2: Ball
2-2: Strikes out swinging
Batting: RHB Iván Moreno 0-0: DOUBLE (Flyball, 78M)
Kurt Walter scores
António Cedeño to third
Runner from 3rd tries for Home, SAFE, no throw or cutoff
Batting: RHB Noriyori Ine 0-0: Called Strike
0-1: Ball
1-1: Ball
2-1: Reached on error, E5 (Groundball, 56)
Iván Moreno to third
Batting: RHB Pedro Mata 0-0: Called Strike
0-1: Ground out 5-3 (Groundball, 56)
Bottom of the 2nd over - 3 run(s), 4 hit(s), 1 error(s), 2 left on base; New Hampshire 7 - Gainesville 3
TOP OF THE 3RD
New Hampshire Fisher Cats batting - Pitching for Gainesville Guidos : RHP Ronald Adams
Batting: RHB Billy Campbell 0-0: Ball
1-0: Called Strike
1-1: SINGLE (Groundball, 5D)
Batting: RHB Scott Briggs 0-0: Called Strike
0-1: Ball
1-1: Foul Ball, location: 2F
1-2: Strikes out swinging
Batting: RHB Michael Woodruff 0-0: Called Strike
0-1: Swinging Strike
0-2: Ball
1-2: Ball
2-2: Foul Ball, location: 2F
2-2: Foul Ball, location: 2F
2-2: Fly out, F7 (Line Drive, 78M)
Batting: RHB Matt Silver 0-0: Called Strike
0-1: Foul Ball, location: 2F
0-2: Ground out 6-3 (Groundball, 6)
Top of the 3rd over - 0 run(s), 1 hit(s), 0 error(s), 1 left on base; New Hampshire 7 - Gainesville 3
BOTTOM OF THE 3RD
Gainesville Guidos batting - Pitching for New Hampshire Fisher Cats : LHP Kent Robinson
Batting: LHB David Murphy 0-0: Foul Ball, location: 2F
0-1: Swinging Strike
0-2: Ball
1-2: Strikes out swinging
Batting: RHB Satoru Daikawa 0-0: Foul Ball, location: 2F
0-1: Ball
1-1: Foul Ball, location: 2F
1-2: Strikes out swinging
Batting: RHB Kurt Walter 0-0: Called Strike
0-1: Swinging Strike
0-2: Strikes out swinging
Bottom of the 3rd over - 0 run(s), 0 hit(s), 0 error(s), 0 left on base; New Hampshire 7 - Gainesville 3
TOP OF THE 4TH
New Hampshire Fisher Cats batting - Pitching for Gainesville Guidos : RHP Ronald Adams
Batting: RHB Phil Matthews 0-0: Ball
1-0: Fly out, F8 (Line Drive, 8LM)
Batting: LHB Sam Barnes 0-0: Called Strike
0-1: Foul Ball, location: 2F
0-2: Ball
1-2: Fly out, F9 (Flyball, 9LS)
Batting: RHB Roberto Peña 0-0: Ball
1-0: Called Strike
1-1: Ball
2-1: Ball
3-1: Foul Ball, location: 2F
3-2: Foul Ball, location: 2F
3-2: Foul Ball, location: 2F
3-2: Ground out 5-3 (Groundball, 5S)
Top of the 4th over - 0 run(s), 0 hit(s), 0 error(s), 0 left on base; New Hampshire 7 - Gainesville 3
BOTTOM OF THE 4TH
Gainesville Guidos batting - Pitching for New Hampshire Fisher Cats : LHP Kent Robinson
Batting: LHB António Cedeño 0-0: Foul Ball, location: 2F
0-1: Ball
1-1: Ball
2-1: Swinging Strike
2-2: Strikes out swinging
Batting: RHB Fernando Mendoza 0-0: Ball
1-0: Ground out 6-3 (Groundball, 6)
Batting: SHB Reynaldo Gallegos 0-0: Ball
1-0: Ball
2-0: Ball
3-0: Base on Balls
Batting: RHB Iván Moreno 0-0: Ball
1-0: Swinging Strike
1-1: Ball
2-1: Foul Ball, location: 2F
2-2: Ball
3-2: Foul Ball, location: 2F
3-2: Foul Ball, location: 2F
3-2: Foul Ball, location: 2F
3-2: Fly out, F3 (Popup, 3SF)
Bottom of the 4th over - 0 run(s), 0 hit(s), 0 error(s), 1 left on base; New Hampshire 7 - Gainesville 3
TOP OF THE 5TH
New Hampshire Fisher Cats batting - Pitching for Gainesville Guidos : RHP Ronald Adams
Batting: RHB Si-xun Li 0-0: Foul Ball, location: 2F
0-1: Called Strike
0-2: Strikes out swinging
Batting: RHB Sadao Kimura 0-0: Ball
1-0: Ball
2-0: Called Strike
2-1: Fly out, F7 (Line Drive, 7M)
Batting: RHB Billy Campbell 0-0: Ball
1-0: Ball
2-0: SINGLE (Groundball, 6MD)
Pitching: LHP Mike Scott
Batting: RHB Scott Briggs 0-0: Called Strike
0-1: Reached on error, E5 (Groundball, 5L)
Billy Campbell to second
Batting: RHB Michael Woodruff 0-0: Foul Ball, location: 2F
0-1: Foul Ball, location: 2F
0-2: Foul Ball, location: 2F
0-2: Ball
1-2: Fly out, F9 (Flyball, 89M)
Top of the 5th over - 0 run(s), 1 hit(s), 1 error(s), 2 left on base; New Hampshire 7 - Gainesville 3
BOTTOM OF THE 5TH
Gainesville Guidos batting - Pitching for New Hampshire Fisher Cats : LHP Kent Robinson
Batting: RHB Noriyori Ine 0-0: Ball
1-0: Ball
2-0: Ball
3-0: Base on Balls
Batting: RHB Pedro Mata 0-0: Ball
1-0: Foul Ball, location: 2F
1-1: Called Strike
1-2: Fly out, F9 (Flyball, 89M)
Batting: LHB David Murphy 0-0: Called Strike
0-1: Ball
1-1: Foul Ball, location: 2F
1-2: Foul Ball, location: 2F
1-2: Ball
2-2: SINGLE (Line Drive, 4D)
Noriyori Ine to second
Runner from 2nd tries for 3rd, SAFE, no throw or cutoff
Batting: RHB Satoru Daikawa 0-0: Foul Ball, location: 2F
0-1: Ball
1-1: Called Strike
1-2: Ground out 5-3 (Groundball, 5S)
Noriyori Ine scores
David Murphy to second
Pitching: RHP Ramón Pérez
Batting: RHB Kurt Walter 0-0: Ball
1-0: Called Strike
1-1: Called Strike
1-2: Strikes out looking
Bottom of the 5th over - 1 run(s), 1 hit(s), 0 error(s), 1 left on base; New Hampshire 7 - Gainesville 4
TOP OF THE 6TH
New Hampshire Fisher Cats batting - Pitching for Gainesville Guidos : LHP Mike Scott
Batting: RHB Matt Silver 0-0: Ground out 5-3 (Groundball, 5L)
Batting: RHB Phil Matthews 0-0: Swinging Strike
0-1: Foul Ball, location: 2F
0-2: SINGLE (Line Drive, 7LS)
Batting: LHB Sam Barnes 0-0: Swinging Strike
0-1: Foul Ball, location: 2F
0-2: Foul Ball, location: 2F
0-2: Strikes out looking
Batting: RHB Roberto Peña 0-0: Swinging Strike
0-1: Ball
1-1: Ball
2-1: Ball
3-1: Called Strike
3-2: Strikes out swinging
Top of the 6th over - 0 run(s), 1 hit(s), 0 error(s), 1 left on base; New Hampshire 7 - Gainesville 4
BOTTOM OF THE 6TH
Gainesville Guidos batting - Pitching for New Hampshire Fisher Cats : RHP Ramón Pérez
Batting: LHB António Cedeño 0-0: Called Strike
0-1: Called Strike
0-2: Foul Ball, location: 2F
0-2: Ball
1-2: Foul Ball, location: 2F
1-2: Ball
2-2: Strikes out swinging
Batting: RHB Fernando Mendoza 0-0: Ball
1-0: Ball
2-0: Called Strike
2-1: Ball
3-1: Base on Balls
Batting: SHB Reynaldo Gallegos 0-0: Ball
1-0: Ball
2-0: Ball
3-0: Base on Balls
Fernando Mendoza to second
Batting: RHB Iván Moreno 0-0: Foul Ball, location: 2F
0-1: Ball
1-1: Swinging Strike
1-2: Strikes out swinging
Batting: RHB Noriyori Ine 0-0: Ball
1-0: Ball
2-0: Ball
3-0: Called Strike
3-1: Called Strike
3-2: Strikes out looking
Bottom of the 6th over - 0 run(s), 0 hit(s), 0 error(s), 2 left on base; New Hampshire 7 - Gainesville 4
TOP OF THE 7TH
New Hampshire Fisher Cats batting - Pitching for Gainesville Guidos : LHP Mike Scott
Batting: RHB Si-xun Li 0-0: Ball
1-0: Ball
2-0: Called Strike
2-1: Foul Ball, location: 2F
2-2: Foul Ball, location: 2F
2-2: Ground out 6-3 (Groundball, 6)
Batting: RHB Sadao Kimura 0-0: Ball
1-0: Called Strike
1-1: Swinging Strike
1-2: SINGLE (Groundball, 15) (infield hit)
Batting: RHB Billy Campbell 0-0: Ball
1-0: Called Strike
1-1: Swinging Strike
1-2: Foul Ball, location: 2F
1-2: Strikes out swinging
Batting: RHB Scott Briggs 0-0: Ball
1-0: Ball
2-0: Fly out, F8 (Flyball, 8LM)
Top of the 7th over - 0 run(s), 1 hit(s), 0 error(s), 1 left on base; New Hampshire 7 - Gainesville 4
BOTTOM OF THE 7TH
Gainesville Guidos batting - Pitching for New Hampshire Fisher Cats : RHP Ramón Pérez
Pitching: RHP Armando Rodríguez
Batting: RHB Pedro Mata 0-0: Ball
1-0: Fly out, F7 (Flyball, 7S)
Batting: LHB David Murphy 0-0: Ground out U3 (Groundball, 3S)
Batting: RHB Satoru Daikawa 0-0: Ball
1-0: Ball
2-0: Fly out, F7 (Flyball, 7S)
Bottom of the 7th over - 0 run(s), 0 hit(s), 0 error(s), 0 left on base; New Hampshire 7 - Gainesville 4
TOP OF THE 8TH
New Hampshire Fisher Cats batting - Pitching for Gainesville Guidos : LHP Mike Scott
Pitching: RHP Lance Sanders
Batting: RHB Michael Woodruff 0-0: Ball
1-0: Ball
2-0: Ball
3-0: Foul Ball, location: 2F
3-1: Base on Balls
Batting: RHB Matt Silver 0-0: Swinging Strike
0-1: Grounds into double play, U6-3 (Groundball, 6M)
Batting: RHB Phil Matthews 0-0: Ball
1-0: DOUBLE (Flyball, 78XD)
Batting: LHB Sam Barnes 0-0: Ball
1-0: Foul Ball, location: 2F
1-1: Ball
2-1: SINGLE (Groundball, 34D)
Phil Matthews to third
Runner from 3rd tries for Home, SAFE, no throw or cutoff
Batting: RHB Roberto Peña 0-0: Swinging Strike
0-1: Swinging Strike
0-2: Foul Ball, location: 2F
0-2: Ground out 5-3 (Groundball, 56S)
Top of the 8th over - 1 run(s), 2 hit(s), 0 error(s), 1 left on base; New Hampshire 8 - Gainesville 4
BOTTOM OF THE 8TH
Gainesville Guidos batting - Pitching for New Hampshire Fisher Cats : RHP Armando Rodríguez
Batting: RHB Kurt Walter 0-0: Called Strike
0-1: Ball
1-1: Foul Ball, location: 2F
1-2: Reached on error, E5 (Groundball, 56)
Batting: LHB António Cedeño 0-0: Called Strike
0-1: Ball
1-1: Ball
2-1: Foul Ball, location: 2F
2-2: Ball
3-2: SINGLE (Groundball, 34)
Kurt Walter to second
Kurt Walter to third
Pitching: RHP Ernesto Rivera
Batting: RHB Fernando Mendoza 0-0: Ball
1-0: Called Strike
1-1: DOUBLE (Line Drive, 78D)
Kurt Walter scores
António Cedeño to third
Pitching: LHP Juan Arce
Batting: SHB Reynaldo Gallegos 0-0: Called Strike
0-1: Called Strike
0-2: Ball
1-2: Strikes out swinging
Pitching: RHP Grady Connolly
Batting: RHB Iván Moreno 0-0: Called Strike
0-1: Foul Ball, location: 2F
0-2: Ball
1-2: Strikes out looking
Batting: RHB Noriyori Ine 0-0: Ball
1-0: Foul Ball, location: 2F
1-1: Ball
2-1: Ball
3-1: Swinging Strike
3-2: Strikes out swinging
Bottom of the 8th over - 1 run(s), 2 hit(s), 1 error(s), 2 left on base; New Hampshire 8 - Gainesville 5
TOP OF THE 9TH
New Hampshire Fisher Cats batting - Pitching for Gainesville Guidos : RHP Lance Sanders
Batting: RHB Si-xun Li 0-0: Foul Ball, location: 2F
0-1: Foul Ball, location: 2F
0-2: Ball
1-2: Ground out 6-3 (Groundball, 6)
Batting: RHB Sadao Kimura 0-0: Ball
1-0: Ball
2-0: Called Strike
2-1: Ball
3-1: Swinging Strike
3-2: Foul Ball, location: 2F
3-2: Strikes out swinging
Batting: RHB Billy Campbell 0-0: Called Strike
0-1: Swinging Strike
0-2: Ball
1-2: Strikes out looking
Top of the 9th over - 0 run(s), 0 hit(s), 0 error(s), 0 left on base; New Hampshire 8 - Gainesville 5
BOTTOM OF THE 9TH
Gainesville Guidos batting - Pitching for New Hampshire Fisher Cats : RHP Grady Connolly
Pitching: LHP Carlos Berru
Batting: RHB Pedro Mata 0-0: Ball
1-0: Ball
2-0: Called Strike
2-1: Ground out 6-3 (Groundball, 6)
Batting: LHB David Murphy 0-0: Called Strike
0-1: Ball
1-1: Called Strike
1-2: Strikes out swinging
Batting: RHB Satoru Daikawa 0-0: Called Strike
0-1: DOUBLE (Groundball, 5L)
Batting: RHB Kurt Walter 0-0: Swinging Strike
0-1: Ball
1-1: 2-RUN HOME RUN (Flyball, 7LD), Distance : 338 ft
Pinch Hitting: RHB José Ortega 0-0: Fly out, F8 (Flyball, 8LM)
Bottom of the 9th over - 2 run(s), 2 hit(s), 0 error(s), 0 left on base; New Hampshire 8 - Gainesville 7
This league is powered by Out of the Park Baseball, the baseball management simulation game for PC, Mac and Linux
Wednesday, December 2nd, 2015 - OOTP Baseball 16.8 Build 38